 Dungeon Sprint DCSS version 0.29.0-7-g18a832c13a (webtiles) character file.

Game seed: 7823187797300434507

1 GigaChad the Shield-Bearer (level 1, -11/20 HPs)
             Began as a Minotaur Fighter on Aug 30, 2022.
             Was an Initiate of Trog.
             Mangled by a freezing wraith (14 damage)
             ... in the Dungeon (Sprint VII: "The Pits").
             The game lasted 00:00:20 (64 turns).

GigaChad the Shield-Bearer (Minotaur Fighter)         Turns: 64, Time: 00:00:22

Health: -11/20     AC:  7    Str: 20    XL:     1   Next: 16%
Magic:  0/0        EV:  9    Int:  5    God:    Trog [......]
Gold:   0          SH:  4    Dex:  9    Spells: 0/0 levels left

rFire   . . .      SeeInvis .   a - +0 long sword
rCold   . . .      Faith    .   c - +0 buckler
rNeg    . . .      Spirit   .   b - +0 scale mail
rPois   .          Reflect  .   (helmet restricted)
rElec   .          Harm     .   (no cloak)
rCorr   .          Rampage  .   (no gloves)
Will    .....      NoTele   +   (no boots)
Stlth   ..........              (no amulet)
HPRegen 0.06/turn               (no ring)
MPRegen 0.07/turn               (no ring)

@: no status effects
A: horns 2, retaliatory headbutt
a: Renounce Religion


You were in the Dungeon.
You worshipped Trog.
Trog was noncommittal.
You visited 1 branch

Inventory:

Hand Weapons
 a - a +0 long sword (weapon)
 k - a +2 falchion
Armour
 b - a +0 scale mail (worn)
 c - a +0 buckler (worn)
Scrolls
 j - a scroll of blinking
Potions
 d - a potion of might
 e - a potion of curing
 f - a potion of heal wounds
 g - a potion of haste
 h - 2 potions of magic
 i - a potion of berserk rage


   Skills:
 + Level 3.9 Fighting
 + Level 2.5 Long Blades
 + Level 3.9 Armour
 + Level 3.9 Shields


You couldn't memorise any spells.
You didn't know any spells.
Your spell library was empty.

Dungeon Overview and Level Annotations

Branches:
Dungeon (1/1)

Altars:
Cheibriados
Dithmenos
Elyvilon
Fedhas
Gozag
Hepliaklqana
Makhleb
Nemelex Xobeh
Okawaru
Qazlal
Ru
Sif Muna
Trog
Vehumet
Wu Jian
Xom
Yredelemnul
Zin
The Shining One
Jiyva
Lugonu


Innate Abilities, Weirdness & Mutations

You have a pair of horns on your head.
You reflexively headbutt those who attack you in melee.


Message History

Things that are here:
a +2 falchion; a +2 dagger
k - a +2 falchion
There is an open door here.
Found fourteen altars.
There is an open door to the Temple (Safe) here.
Found three altars.
There is a bloodstained altar of Trog here.
You kneel at the altar of Trog.
Trog welcomes you!
There is an open door to the Temple (Safe) here.
You see here a hobgoblin corpse.
There is an open door to the Storerooms (Easy) here.
You open the huge gate.
A necrophage comes into view.
There is a huge open gate to the Metal Vault (Medium) here.
There is a huge open gate to the Metal Vault (Medium) here.
A freezing wraith comes into view.
The necrophage hits you but does no damage.
You hit the necrophage but do no damage.
Your headbutt misses the necrophage. The necrophage hits you.
You slash the necrophage! Your headbutt misses the necrophage.
The necrophage is moderately damaged.
The necrophage hits you but does no damage.
You hit the necrophage but do no damage.
The necrophage is moderately damaged.
The necrophage closely misses you. The necrophage barely misses you.
The freezing wraith hits you but does no damage.
The freezing wraith hits you.
You hit the necrophage. You headbutt the necrophage!
The necrophage is severely damaged.
The freezing wraith hits you but does no damage. x2
The necrophage hits you.
You hit the necrophage.
The necrophage is severely damaged.
The freezing wraith hits you.
* * * LOW HITPOINT WARNING * * *
The freezing wraith freezes you!
Ouch! That really hurt!
You die...

))'.##......#..#......#
###.##................+
....†'................+
+#####......#..#......#
#................#
####'#####''######
#.......##''#
#.......##..#
#.......##.@#
#...<...##Wn#
#.......##..#
#.......##..#
#.......##...
##########... #...
#..##


You could see a freezing wraith and a necrophage.

Vanquished Creatures
  A hobgoblin (D)
1 creature vanquished.

Notes
Turn   | Place    | Note
-------+----------+-------------------------------------------
     0 | D        | GigaChad the Minotaur Fighter began the quest for the Orb.
     0 | D        | Reached XP level 1. HP: 19/19 MP: 0/0
    18 | D        | Found a bloodstained altar of Trog.
    18 | D        | Found a shimmering blue altar of Sif Muna.
    18 | D        | Found a viscous altar of Jiyva.
    18 | D        | Found a hazy altar of Hepliaklqana.
    18 | D        | Found an opulent altar of Gozag.
    29 | D        | Found a glowing golden altar of the Shining One.
    29 | D        | Found a glowing silver altar of Zin.
    29 | D        | Found a basalt altar of Yredelemnul.
    29 | D        | Found a shimmering altar of Xom.
    29 | D        | Found an ornate altar of the Wu Jian Council.
    29 | D        | Found a sacrificial altar of Ru.
    29 | D        | Found a stormy altar of Qazlal.
    29 | D        | Found an iron altar of Okawaru.
    29 | D        | Found a sparkling altar of Nemelex Xobeh.
    29 | D        | Found a burning altar of Makhleb.
    29 | D        | Found a blossoming altar of Fedhas.
    29 | D        | Found a white marble altar of Elyvilon.
    29 | D        | Found a shadowy altar of Dithmenos.
    29 | D        | Found a snail-covered altar of Cheibriados.
    32 | D        | Found a corrupted altar of Lugonu.
    32 | D        | Found a radiant altar of Vehumet.
    33 | D        | Became a worshipper of Trog the Wrathful
    56 | D        | Noticed a necrophage
    58 | D        | Noticed a freezing wraith
    64 | D        | Mangled by a freezing wraith

Illustrated notes

Levels and vault maps discovered:
D:        pitsprint [storerooms_1, entrance_room_1, metal_vault_3, armoury_3,
          mini_pit_1, grid_room_1, main_hall_1, silver_pit, the_coven_3,
          the_vestibule_1, steel_vault_3, golden_pit, hallway_of_sentries,
          crystal_vault_4, iron_vault_1, final_vault]

Action                   || total
-------------------------++-------
Melee: Long sword        ||     6
       Headbutt          ||     1
Armor: Scale mail        ||     5
Dodge: Dodged            ||     2
